 Dungeon Crawl Stone Soup version 0.19.1-1-g22dce08 (webtiles) character file.

187 Jynx the Firebug (level 5, -1/28 HPs)
             Began as a Deep Elf Fire Elementalist on Jan 12, 2017.
             Slain by an ogre
             ... wielding a +0 giant club
              (29 damage)
             ... on level 5 of the Dungeon.
             The game lasted 00:04:49 (3073 turns).

Jynx the Firebug (Deep Elf Fire Elementalist)       Turns: 3073, Time: 00:04:49

Health: -1/28      AC:  5    Str:  5    XL:     5   Next: 39%
Magic:  9/13       EV: 13    Int: 21    God:
Gold:   178        SH:  0    Dex: 15    Spells: 2 memorised, 9 levels left

rFire  . . .     SeeInvis .     e - +2 dagger (elec)
rCold  . . .     Gourm    .     a - +1 robe
rNeg   . . .     Faith    .     (no shield)
rPois  .         Spirit   .     (no helmet)
rElec  .         Reflect  .     v - +0 cloak
rCorr  .         Harm     .     n - +0 pair of gloves
MR     .....                    (no boots)
Stlth  ++........               (no amulet)
                                (no ring)
                                (no ring)

@: no status effects
A: no striking features
a: no special abilities


You were on level 5 of the Dungeon.
You were very hungry.

You visited 1 branch of the dungeon, and saw 5 of its levels.

You collected 178 gold pieces.

Inventory:

Hand Weapons
 e - a +2 dagger of electrocution (weapon)
Armour
 a - a +1 robe (worn)
 n - a +0 pair of gloves (worn)
 v - a +0 cloak (worn)
Jewellery
 A - an uncursed amulet of guardian spirit
Scrolls
 i - a scroll of fear
 j - 2 scrolls of recharging
 m - 2 scrolls of blinking
Potions
 d - 3 potions of curing
 f - a potion of resistance
 g - a potion of lignification {unknown}
 k - 3 potions of flight {unknown}
 l - a potion of haste {unknown}
 o - a potion of agility {unknown}
 p - a potion of heal wounds {unknown}
 s - 2 potions of magic {unknown}
 u - a potion of invisibility {unknown}
 w - a potion of brilliance {unknown}
Books
 b - a book of Flames

   Spells                             Type                      Level
   a - Flame Tongue                   Conjuration/Fire             1
   b - Throw Flame                    Conjuration/Fire             2
   c - Conjure Flame                  Conjuration/Fire             3
   d - Inner Flame                    Hexes/Fire                   3
   e - Sticky Flame                   Conjuration/Fire             4
   f - Fireball                       Conjuration/Fire             5
Comestibles
 c - 2 bread rations
 h - a slice of pizza
 z - a meat ration


   Skills:
 - Level 2.4 Dodging
 - Level 2.4 Stealth
 + Level 4.5 Spellcasting
 + Level 3.1 Conjurations
 * Level 5.2 Fire Magic


You had 9 spell levels left.
You knew the following spells:

 Your Spells              Type           Power        Failure   Level  Hunger
a - Flame Tongue          Conj/Fire      ###..        1%          1    None
b - Conjure Flame         Conj/Fire      ###.....     10%         3    ##.....


Dungeon Overview and Level Annotations

Branches:
Dungeon (5/15)
 Temple: D:4-7

Altars:
Dithmenos
Gozag
Xom

Annotations:
D:4 cada's ghost, novice FoFi


Message History

Casting: Flame Tongue
Confirm with . or Enter, or press ? or * to list all spells.
Aiming: Flame Tongue
Press: ? - help, Shift-Dir - straight line, f/p - ogre
Aim: an ogre, wielding a giant club (heavily wounded)
The flame tongue hits the ogre.
The ogre appears unharmed.
The ogre is heavily wounded.
The ogre hits you but does no damage.
Casting: Flame Tongue
Confirm with . or Enter, or press ? or * to list all spells.
You don't know that spell.
Unknown command.
Casting: Flame Tongue
Confirm with . or Enter, or press ? or * to list all spells.
Aiming: Flame Tongue
Press: ? - help, Shift-Dir - straight line, f/p - ogre
Aim: an ogre, wielding a giant club (heavily wounded)
The flame tongue misses the ogre.
The ogre hits you with a giant club!!
Ouch! That really hurt!
You die...

##..........
##...........
##..##........
##..#######...# ##..##
#### #...## #####
###..##### ##.<.##
#....O...## #.....#
#.....@...# ##.....##
#.........## #.......#
#.........## ##.......#
##.........##
#.........
#.......#..####........
##########..###........
##..##........
##..##.......
##..##......


You could see an ogre.

Vanquished Creatures
  A water moccasin skeleton (D:4)
  A worker ant (D:4)
  4 adders
  2 worms
  2 dart slugs
  3 leopard geckos
  7 orcs
  2 giant cockroaches
  7 goblins
  4 hobgoblins
  8 jackals
  2 ball pythons
  6 bats
  4 frilled lizards
  9 kobolds
  A quokka skeleton (D:4)
  6 rats
69 creatures vanquished.

Vanquished Creatures (others)
  A scorpion (D:4)
  A jackal (D:4)
2 creatures vanquished.

Grand Total: 71 creatures vanquished

Notes
Turn   | Place    | Note
-------+----------+-------------------------------------------
     0 | D:1      | Jynx the Deep Elf Fire Elementalist began the quest for the Orb.
     0 | D:1      | Reached XP level 1. HP: 10/10 MP: 6/6
   231 | D:1      | Reached XP level 2. HP: 15/15 MP: 4/8
   795 | D:2      | Reached XP level 3. HP: 19/19 MP: 8/10
   800 | D:2      | Learned a level 3 spell: Conjure Flame
   903 | D:2      | Reached skill level 4 in Fire Magic
  1660 | D:3      | Reached XP level 4. HP: 22/24 MP: 6/12
  1755 | D:3      | Found a shadowy altar of Dithmenos.
  2023 | D:3      | Found an opulent altar of Gozag.
  2550 | D:4      | Found a shimmering altar of Xom.
  2735 | D:4      | Reached skill level 5 in Fire Magic
  2735 | D:4      | Reached XP level 5. HP: 21/28 MP: 7/13
  2874 | D:4      | Noticed cada's ghost (novice FoFi)
  2920 | D:5      | Entered Level 5 of the Dungeon
  3057 | D:5      | Noticed an ogre
  3073 | D:5      | Slain by an ogre

Skill      XL: |  1  2  3  4 |
---------------+-------------+-----
Conjurations   | 2 3 |  3.1
Fire Magic     | 4 5 |  5.2
Spellcasting   | 4 |  4.5
Dodging        | |  2.4
Stealth        | |  2.4

Action                   |  1- 3 |  4- 6 || total
-------------------------+-------+-------++-------
Melee: Dagger            |     2 |       ||     2
 Cast: Flame Tongue      |    85 |    53 ||   138
  Use: Scroll            |       |    10 ||    10
  Eat: Chunk             |     2 |     3 ||     5
Armor: Robe              |     5 |     2 ||     7
Dodge: Dodged            |    15 |     5 ||    20
